 Dungeon Crawl Stone Soup version 0.31.0-2-g5a2aebc5c2 (webtiles) character file.

Game seed: 15503128261292370716

202 Daunt the Shooter (level 5, -3/41 HPs)
             Began as a Barachi Shapeshifter on Jan 21, 2024.
             Was an Initiate of Ashenzari.
             Slain by a gnoll
             ... wielding a +0 spear
              (9 damage)
             ... on level 4 of the Dungeon.
             The game lasted 00:13:30 (2474 turns).

Daunt the Shooter (Barachi Shapeshifter)            Turns: 2474, Time: 00:13:30

Health: -3/41      AC:  3    Str: 17    XL:     5   Next: 80%
Magic:  5/5        EV: 11    Int: 11    God:    Ashenzari [......]
Gold:   113        SH:  0    Dex: 11    Spells: 4/4 levels left

rFire   + . .        a - +0 sling
rCold   + . .        (no shield)
rNeg    . . .        j - +0 leather armour {rPois}
rPois   +            (helmet currently unavailable)
rElec   +            (cloak currently unavailable)
rCorr   +            (gloves currently unavailable)
SInv    .            (boots currently unavailable)
Will    +....        (no amulet)
Stlth   +            (no ring)
HPRegen 0.26/turn    (no ring)
MPRegen 0.09/turn

%: no passive effects
@: beast-form, resistant, enlightened, flying, slow
A: beast (slay +1), amphibious, slowness 1, strong legs 1, +LOS
a: Hop, Begin Untransformation, Renounce Religion


You were on level 4 of the Dungeon.
You worshipped Ashenzari.
Ashenzari was noncommittal.
You were a hulking beast.
You visited 1 branch of the dungeon, and saw 4 of its levels.

You collected 173 gold pieces.
You spent 60 gold pieces at shops.

Inventory:

Hand Weapons
 a - a +0 sling (weapon)
Missiles
 f - 26 stones
 n - 6 poisoned darts
Armour
 e - a +0 animal skin
 h - a +0 ring mail
 j - a +0 leather armour of poison resistance (worn)
Talismans
 c - a beast talisman
 d - a flux talisman
Scrolls
 i - a scroll of fog {unknown}
 k - a scroll of blinking {unknown}
 m - 2 scrolls of noise {unknown}
 o - a scroll of poison {unknown}
 q - a scroll of summoning {unknown}
 r - a scroll of brand weapon {unknown}
Potions
 b - a potion of curing
 l - a potion of enlightenment
 s - a potion of invisibility {unknown}


   Skills:
 - Level 3.5 Fighting
 + Level 4.4 Ranged Weapons
 - Level 2.1 Dodging
 - Level 3.2 Unarmed Combat
 - Level 3.2 Shapeshifting


You had 4 spell levels left.
You didn't know any spells.
Your spell library contained the following spells:

 Spells                   Type           Power      Damage    Failure   Level
 Stone Arrow              Conj/Erth      0%         3d7       78%         3
 Animate Armour           Summ/Erth      0%         N/A       99%         4
 Lehudib's Crystal Spear  Conj/Erth      0%         10d2      100%        8


Dungeon Overview and Level Annotations

Branches:
Dungeon (4/15)
 Temple: D:4-7

Altars:
Ashenzari
Makhleb
Trog
Vehumet
The Shining One

Shops:
D:1 [(?[[

Portals:
Sewer: D:4


Innate Abilities, Weirdness & Mutations

You are a hulking beast.
Your limbs bulge with bestial killing power. (Slay +1)
You are amphibious.
You cover ground slowly.
You can hop short distances.
You have an extended range of vision and can be seen from far away.


Message History

Fire: a) +0 sling
Press: ? - help, Q - select action, (/) - cycle Shift-Dir - straight line, f/p - gnoll
Aim: a gnoll, wielding a +0 club (63% to hit)
You shoot a sling bullet.
The sling bullet barely misses the hound.
The sling bullet closely misses the gnoll.
The sling bullet hits the gnoll.
The gnoll is lightly wounded.
The hound bites you. The hound bites you but does no damage.
Unknown command.
Unknown command.
Fire: a) +0 sling
Press: ? - help, Q - select action, (/) - cycle Shift-Dir - straight line, f/p - gnoll
Aim: a gnoll, wielding a +0 club (61% to hit)
You shoot a sling bullet.
The sling bullet barely misses the hound.
The sling bullet barely misses the giant cockroach.
The sling bullet hits the gnoll.
The gnoll is moderately wounded.
The hound bites you.
* * * LOW HITPOINT WARNING * * *
The gnoll barely misses you. The hound closely misses you.
The gnoll barely misses you.
Unknown command.
Unknown command.
It was a potion of enlightenment.
You feel very buoyant.
You fly up into the air.
The hound bites you.
* * * LOW HITPOINT WARNING * * *
The hound bites you.
* * * LOW HITPOINT WARNING * * *
The gnoll barely misses you.
Unknown command.
Unknown command.
It was a potion of resistance.
You feel protected. The hound bites you.
* * * LOW HITPOINT WARNING * * *
The gnoll hits you from afar with a +0 spear!
You die...

#####
###..........?.
###....†.........
##...##....##.....
#.........†.......
#..........##.....
#.......g..#..#..~
#.....#.gBg...~~~~
...######h#.#~~~~
... #h#.~ .#
#.J..~~~∩~
###..~~~~~ .#~~~~~
. ~~~~ .. ... ..
.. ### .


You could see a hound, a jelly, 3 gnolls and a giant cockroach.

Vanquished Creatures
  An orc priest (D:3)
  An orc wizard (D:3)
  5 adders (D:2)
  3 dart slugs (D:1)
  4 ribbon worms
  6 orcs
  9 endoplasms
  A giant cockroach (D:1)
  10 hobgoblins
  8 jackals (D:1)
  5 kobolds
  3 quokkas
  4 ball pythons
  5 bats
  A frilled lizard (D:1)
  7 goblins
  6 rats
79 creatures vanquished.

Notes
Turn   | Place    | Note
-------+----------+-------------------------------------------
     0 | D:1      | Daunt the Barachi Shapeshifter began the quest for the Orb.
     0 | D:1      | Reached XP level 1. HP: 15/15 MP: 1/1
    27 | D:1      | Reached XP level 2. HP: 19/23 MP: 2/2
   152 | D:1      | Found Saivuyro's Weapon Shop.
   160 | D:1      | Reached XP level 3. HP: 23/29 MP: 3/3
   249 | D:1      | Found Utemidd's Antique Armour Boutique.
   397 | D:1      | Reached skill level 1 in Ranged Weapons
   409 | D:1      | Found Mutwuin's Magic Scroll Shop.
   421 | D:1      | Found Sinuyfod's Antique Armour Shop.
   425 | D:1      | Bought a scroll of identify for 24 gold pieces
   466 | D:1      | Bought a scroll of teleportation for 36 gold pieces
   511 | D:1      | Found Qif Yrch's Antique Armour Emporium.
   763 | D:2      | Reached skill level 2 in Ranged Weapons
   763 | D:2      | Reached XP level 4. HP: 24/35 MP: 4/4
  1021 | D:2      | Found a bloodstained altar of Trog.
  1109 | D:2      | Reached skill level 3 in Ranged Weapons
  1197 | D:2      | Reached XP level 5. HP: 37/41 MP: 5/5
  1539 | D:3      | Found a faded altar of an unknown god.
  1633 | D:3      | Reached skill level 4 in Ranged Weapons
  1859 | D:3      | Found a broken altar of Ashenzari.
  1889 | D:3      | Found a faded altar of an unknown god.
  1889 | D:3      | Found a faded altar of an unknown god.
  1895 | D:3      | Found a radiant altar of Vehumet.
  1901 | D:3      | Found a burning altar of Makhleb.
  1905 | D:3      | Found a glowing golden altar of the Shining One.
  2390 | D:3      | Became a worshipper of Ashenzari the Shackled
  2470 | D:4      | Found a glowing drain.
  2474 | D:4      | Slain by a gnoll

Illustrated notes

Levels and vault maps discovered:
D:1:      minmay_arrival_semitransparent, layout_rooms, serial_shops,
          nicolae_diamond_shop, shop, shop, shop, nicolae_shop_advertising_works
          [nicolae_subvault_shop_adworks]
D:2:      layout_rooms, basic_altar, hangedman_decor_points,
          minmay_misc_feat_hallway
D:3:      layout_loops_ring, chequers_temple_overflow_minitemple,
          nicolae_ashenzari_panopticon, ebering_ecumenical_altar_sacrificial
D:4:      layout_rooms, nzn_hepliaklqana_mist_gate,
          mainiacjoe_overflow_alcove_4, mainiacjoe_overflow_tiny_flanked,
          cheibrodos_sewer_entry_drain

Skill      XL: |  1  2  3  4  5 |
---------------+----------------+-----
Fighting       | 2 3 |  3.5
Ranged Weapons | 2 3 4 |  4.4
Dodging        | |  2.1
Unarmed Combat | |  3.2
Shapeshifting  | |  3.2

Action                     |  1- 3 |  4- 6 || total
---------------------------+-------+-------++-------
  Melee: Unarmed           |    57 |       ||    57
         Punch             |     4 |       ||     4
   Fire: Sling             |    57 |   194 ||   251
    Use: Scroll            |     2 |     3 ||     5
         Potion            |     1 |     3 ||     4
 Armour: Animal skin       |    60 |    13 ||    73
         Skin              |       |     9 ||     9
         Leather armour    |       |    55 ||    55
  Dodge: Dodged            |    47 |    69 ||   116
